 Dungeon Crawl Stone Soup version 0.17.0-24-gcfadda4 (console) character file.

27 gw the Poker (level 2, 27/27 HPs)
             Began as a Minotaur Berserker on Nov 16, 2015.
             Was a Follower of Trog.
             Quit the game on level 1 of the Dungeon.
             The game lasted 00:07:27 (2182 turns).

gw the Poker (Minotaur Berserker)                   Turns: 2182, Time: 00:07:27

Health: 27/27      AC:  3    Str: 21    XL:     2   Next: 93%
Magic:  1/1        EV: 12    Int:  4    God:    Trog [*.....]
Gold:   13         SH:  0    Dex:  9    Spells: 0 memorised, 1 level left

rFire  . . .     SeeInvis .     a - +0 spear
rCold  . . .     Clarity  .     g - +0 leather armour
rNeg   . . .     SustAt   .     (no shield)
rPois  .         Gourm    .     (helmet restricted)
rElec  .         Spirit   .     (no cloak)
rCorr  .         Warding  .     (no gloves)
rMut   .         Stasis   .     (no boots)
MR     .....                    (no amulet)
Stlth  +.........               (no ring)
                                (no ring)

@: starving, not resistant to hostile enchantments, very unstealthy
A: retaliatory headbutt, horns 2
a: Berserk, Burn Spellbooks, Renounce Religion


You were on level 1 of the Dungeon.
You worshipped Trog.
Trog was aware of your devotion.
You were starving.

You visited 1 branch of the dungeon, and saw 1 of its levels.

You collected 13 gold pieces.

Inventory:

Hand Weapons
 a - a +0 spear (weapon)
Missiles
 d - 36 stones (quivered)
Armour
 g - a +0 leather armour (worn)
Scrolls
 f - 2 scrolls of remove curse


   Skills:
 + Level 3.9 Fighting
 * Level 4.1 Polearms
 + Level 1.3 Throwing
 + Level 2.7 Armour
 - Level 2.1 Dodging


You had one spell level left.
You didn't know any spells.

Dungeon Overview and Level Annotations

Branches:
Dungeon (1/15)

Altars:


Innate Abilities, Weirdness & Mutations

You reflexively headbutt those who attack you in melee.
You have a pair of horns on your head.


Message History

Quiver which item? (- for none, * to show all) (? for menu, Esc to quit)
Reset throwing quiver to default.
You need to eat something NOW!
Quiver which item? (- for none, * to show all) (? for menu, Esc to quit)
Reset throwing quiver to default.
You need to eat something NOW!
Quiver which item? (- for none, * to show all) (? for menu, Esc to quit)
Reset throwing quiver to default.
You need to eat something NOW!
Quiver which item? (- for none, * to show all) (? for menu, Esc to quit)
Reset throwing quiver to default.
You need to eat something NOW!
Quiver which item? (- for none, * to show all) (? for menu, Esc to quit)
Reset throwing quiver to default.
You need to eat something NOW!
Quiver which item? (- for none, * to show all) (? for menu, Esc to quit)
Reset throwing quiver to default.
You need to eat something NOW!
Infinite lua loop detected, aborting.
Are you sure you want to abandon this character and quit the game? (Confirm with "yes".)

.........# #.#....'.......#
.........###.#.####.......#
.....................######
.........###.777777777
~###.....# #.7.......7
#...#....###.7.PPPPP.7
#.}.#.##..##.7.P~~~P.7
#...#.##..##.7.P~8~P.7
~###......##.7.PH~~P.7
~~.........#.7.PPPPP.7
~~.........#.7.....7<7
~###.......#.77777.777
#...#.........# #.#
#.}.#.##'##.#.# ##.#
#...#.##.##...###..#
~###..##.##.......#####
......##.##.......#...######


There were no monsters in sight!

Table legend:
 A = Turns spent in this place as a percentage of turns spent in the entire game.
 B = Non-inter-level travel turns spent in this place as a percentage of non-inter-level travel turns spent in the entire game.
 C = Inter-level travel turns spent in this place as a percentage of turns spent in this place.
 D = Turns resting spent in this place as a percentage of non-inter-level travel turns spent in this place.
 E = Turns spent auto-exploring this place as a percentage of non-inter-level travel turns spent in this place.
 F = Non-inter-level travel turns spent in this place divided by the number of levels of this place that you've seen.
                   A       B       C       D       E      F
               +-------+-------+-------+-------+-------+----------------------
         Total | 100.0 | 100.0 |   3.3 |   0.0 |   0.6 | 30654.0
       Dungeon | 100.0 | 100.0 |   3.3 |   0.0 |   0.6 | 30654.0
               +-------+-------+-------+-------+-------+----------------------

Table legend:
 A = Kills in this place as a percentage of kills in entire the game.
 B = Kills by you in this place as a percentage of kills by you in the entire game.
 C = Kills by friends in this place as a percentage of kills by friends in the entire game.
 D = Other kills in this place as a percentage of other kills in the entire game.
 E = Experience gained in this place as a percentage of experience gained in the entire game.
 F = Experience gained in this place divided by the number of levels of this place that you have seen.
                   A       B       C       D       E      F
               +-------+-------+-------+-------+-------+----------------------
         Total | 100.0 | 100.0 |  -nan |  -nan | 100.0 |  39.0
       Dungeon | 100.0 | 100.0 |  -nan |  -nan | 100.0 |  39.0
               +-------+-------+-------+-------+-------+----------------------

Vanquished Creatures
  3 bats (D:1)
  8 goblins (D:1)
  3 hobgoblins (D:1)
  2 giant newts (D:1)
  8 kobolds (D:1)
  A rat (D:1)
25 creatures vanquished.

Notes
Turn   | Place    | Note
--------------------------------------------------------------
     0 | D:1      | gw the Minotaur Berserker began the quest for the Orb.
     0 | D:1      | Reached XP level 1. HP: 19/19 MP: 0/0
   289 | D:1      | Reached XP level 2. HP: 27/27 MP: 1/1
   355 | D:1      | Reached skill level 1 in Throwing
   623 | D:1      | Reached skill level 4 in Polearms
   810 | D:1      | Reached ** piety under Trog
  2182 | D:1      | Quit the game

Action                   || total
-------------------------++-------
Melee: Spear             ||   723
Throw: Stone             ||    20
  Use: Potion            ||     3
       Scroll            ||     2
  Eat: Bread ration      ||     1

Vault maps used:
D:1:      tarquinn_simple_flora_water_a, wad_floor_pattern_2,
          minmay_misc_feat_alley, fountainhead
